 Dungeon Crawl Stone Soup version 0.30-a0-860-g512cf1e979 (webtiles) character file.

Game seed: 7884694447505559490

31547 Ge0ff the Slicer (level 13, -1/123 HPs)
             Began as a Naga Fighter on Mar 8, 2023.
             Was an Elder of Uskayaw.
             Slain by a death yak (18 damage)
             ... on level 3 of the Lair of Beasts.
             The game lasted 00:37:59 (19679 turns).

Ge0ff the Slicer (Naga Fighter)                    Turns: 19679, Time: 00:38:00

Health: -1/123     AC: 16    Str: 28    XL:     13   Next: 58%
Magic:  11/19      EV: 10    Int:  9    God:    Uskayaw [****..]
Gold:   988        SH:  6    Dex: 21    Spells: 12/12 levels left

rFire   . . .      SeeInvis +    a - +6 rapier "Veud" {speed, rN+ Str+3}
rCold   + . .      Faith    +    c - +0 buckler
rNeg    + . .      Spirit   .    D - +2 scale mail {Will+}
rPois   +          Reflect  .    R - +0 helmet
rElec   .          Rampage  .    G - +1 cloak
rCorr   .                        l - +1 pair of gloves
Will    ++...                    (no barding)
Stlth   +++                      Q - amulet of faith
HPRegen 0.40/turn                A - +6 ring of strength
MPRegen 0.16/turn                r - ring "Nofun" {Contam *Slow rC+ Dex+6 Slay+3, =R}

@: slowed, very slow
A: AC +4, large, see invisible, deformed body, poison resistance, slowness 2,
spit poison 1, naga tail 2
a: Spit Poison, Renounce Religion, Stomp, Line Pass


You were on level 3 of the Lair of Beasts.
You worshipped Uskayaw.
Uskayaw was aware of your devotion.
You visited 3 branches of the dungeon, and saw 18 of its levels.

You collected 988 gold pieces.

Inventory:

Hand Weapons
 a - the +6 rapier "Veud" (weapon) {speed, rN+ Str+3}
   (You acquired it on level 10 of the Dungeon)

   Str:       It affects your strength (+3).
   rN:        It protects you from negative energy.
 b - the +7 mace "Conservator" {speed, rElec Int+4}
   (You found it on level 3 of the Dungeon)

   Int:       It affects your intelligence (+4).
   rElec:     It insulates you from electricity.
 p - a +1 short sword of electrocution
 s - a +2 rapier
 w - a +1 dagger of speed
 y - a +0 short sword of chaos
 P - a +2 short sword of distortion
Missiles
 g - 2 throwing nets {=F}
 n - 3 javelins
 t - 11 atropa-tipped darts
 v - 4 curare-tipped darts {=F}
 J - 6 boomerangs
 S - 29 poisoned darts
Armour
 c - a +0 buckler (worn)
 l - a +1 pair of gloves (worn)
 C - a +0 troll leather armour
 D - a +2 scale mail of willpower (worn)
 G - a +1 cloak (worn)
 O - +0 steam dragon scales
 R - a +0 helmet (worn)
 U - a +2 leather armour of fire resistance
 V - an orb of light
Jewellery
 r - the ring "Nofun" (right hand) {Contam *Slow rC+ Dex+6 Slay+3, =R}
   (You found it on level 1 of the Lair of Beasts)

   [ring of protection from cold]

   Dex:       It affects your dexterity (+6).
   Slay:      It affects your accuracy & damage with ranged weapons and melee
   (+3).
   rC:        It protects you from cold.
   Contam:    It causes magical contamination when unequipped.
   *Slow:     It may slow you when you take damage.
 x - an amulet of guardian spirit
 A - a +6 ring of strength (left hand)
 Q - an amulet of faith (around neck)
Wands
 d - a wand of digging (2)
 e - a wand of charming (9)
 f - a wand of flame (9)
Scrolls
 i - 3 scrolls of identify
 B - 4 scrolls of blinking
 E - 3 scrolls of fear
 F - a scroll of butterflies
 T - 3 scrolls of teleportation
 Y - 2 scrolls of enchant armour
 Z - a scroll of enchant weapon
Potions
 o - a potion of ambrosia
 q - 2 potions of curing
 u - 2 potions of mutation {!q}
 z - 2 potions of brilliance
 H - a potion of haste {!q}
 I - 2 potions of invisibility
 K - a potion of magic {!q}
 L - 4 potions of lignification
 M - a potion of might
 N - 3 potions of cancellation {!q}
 W - a potion of heal wounds {!q}
 X - 4 potions of flight


   Skills:
 * Level 10.3 Fighting
 - Level 14.0 Short Blades
 + Level 4.9 Throwing
 + Level 5.3 Armour
 + Level 4.0 Dodging
 + Level 9.5 Stealth
 + Level 4.8 Shields
 + Level 9.2 Invocations
 + Level 5.1 Evocations


You had 12 spell levels left.
You didn't know any spells.
Your spell library contained the following spells:

 Spells                   Type           Power      Damage    Failure   Level
 Scorch                   Fire           0%         2d5       83%         2
 Dazzling Flash           Conj/Hex       0%         N/A       97%         3
 Ignite Poison            Fire/Tmut/Pois 0%         N/A       97%         3
 Inner Flame              Hex/Fire       0%         N/A       97%         3
 Kindle Blastsparks       Fire/Tloc/Air  0%         2d10      97%         3
 Summon Guardian Golem    Hex/Summ       0%         N/A       97%         3
 Animate Dead             Necr           0%         N/A       100%        4
 Flame Wave               Conj/Fire      0%         2d4       100%        4
 Sticky Flame             Conj/Fire      0%         2d3       100%        4
 Agony                    Necr           0%         N/A       100%        5
 Borgnjor's Vile Clutch   Necr/Erth      0%         N/A       100%        5
 Freezing Cloud           Conj/Ice/Air   0%         6-21      100%        5
 Silence                  Hex/Air        0%         N/A       100%        5
 Death Channel            Necr           0%         N/A       100%        6
 Summon Cactus Giant      Summ           0%         N/A       100%        6
 Orb of Destruction       Conj           0%         9d5       100%        7
 Spellforged Servitor     Conj/Summ      0%         N/A       100%        7


Dungeon Overview and Level Annotations

Branches:
Dungeon (14/15) Zot: 23397  Temple (1/1) D:7 Zot: 5714    Lair (3/5) D:11 Zot: 14255
 Shoals (0/4) Lair:2          Orc (0/2) D:12
  Snake: Lair:2-3    Spider: Lair:2-3    Vaults: D:13-14

Altars:
Ashenzari
Cheibriados
Dithmenos
Elyvilon
Fedhas
Gozag
Hepliaklqana
Kikubaaqudgha
Makhleb
Nemelex Xobeh
Okawaru
Qazlal
Ru
Sif Muna
Trog
Uskayaw
Vehumet
Wu Jian
Xom
Yredelemnul
Zin
The Shining One

Portals:
Trove: D:10 (give horn of Geryon)


Innate Abilities, Weirdness & Mutations

Your serpentine skin is tough. (AC +4)
You have supernaturally acute eyesight. (SInv)
Armour fits poorly on your strangely shaped body.
Your system is resistant to poisons. (rPois)
You cover ground very slowly.
You can spit poison.
You can use your snake-like lower body to constrict enemies.


Message History

The death yak is heavily wounded.
You constrict the death yak. You hit the death yak.
The death yak is heavily wounded.
You constrict the death yak.
The death yak gores you but does no damage.
The death yak gores you!
You feel yourself slow down. The yak gores you.
You puncture the death yak!
The death yak is severely wounded.
You constrict the death yak. You hit the death yak.
The death yak is severely wounded.
You constrict the death yak. The death yak gores you.
The death yak gores you but does no damage.
The yak gores you.
You puncture the death yak!
You kill the death yak!
Your Dodging skill increases to level 4!
You barely miss the death yak. Your grab misses the death yak.
The death yak is lightly wounded.
The death yak gores you but does no damage.
The yak closely misses you.
Use which ability? (? or * to list)
Aiming: Line Pass
Press: ? - help, Dir - move target The death yak appears confused.
The yak is no longer sharing its pain.
The death yak seems less confused.
The death yak is no longer sharing its pain.
The yak gores you but does no damage. The death yak gores you.
* * * LOW HITPOINT WARNING * * *
Use which ability? (? or * to list)
Aiming: Line Pass
Press: ? - help, Dir - move target The death yak appears confused.
You can no longer merge with and destroy a victim.
You block the yak's attack. The death yak barely misses you.
You block the yak's attack. The death yak gores you.
* * * LOW HITPOINT WARNING * * *
You puncture the death yak! You grab the death yak.
The death yak is lightly wounded.
You constrict the death yak, but do no damage.
You puncture the death yak!
The death yak is moderately wounded.
You constrict the death yak.
The death yak seems less confused.
The yak gores you!
* * * LOW HITPOINT WARNING * * *
The death yak gores you!!
You die...

###### ###
Y#.#....###.##
..........Y@..##
..........Y.†..#
...........[..##
..............#
..............#
..............##
...............#
##
...............P#
.#
#...............##


You could see a death yak and a yak.

Vanquished Creatures
  Kirke (D:12)
  A catoblepas (D:12)
  The ghost of Touch the Thaumaturge, a journeyman DjVM of Ashenzari (D:8)
  Harold (Lair:2)
  A hydra (Lair:3)
  A centaur warrior (D:13)
  A dancing weapon (D:8)
  A two-headed ogre (D:11)
  3 death yaks (Lair:3)
  2 tengu warriors (D:13)
  Nergalle (Lair:1)
  A skyshark (Lair:2)
  Amaemon (Lair:3)
  An ugly thing (D:8)
  2 manticores (D:12)
  3 cyclopes (D:11)
  6 elephants (Lair:2)
  2 black mambas (Lair:1)
  A gargoyle (D:11)
  An orange demon (Lair:3)
  3 rime drakes
  A cane toad (Lair:3)
  A torpor snail (Lair:2)
  2 kobold demonologists
  A komodo dragon (Lair:1)
  2 tengu conjurers (D:13)
  2 trolls (D:12)
  A polar bear (Lair:3)
  6 blink frogs
  A slime creature (D:13)
  A shadow (D:10)
  3 wraiths
  23 yaks
  2 vampires
  Eustachio (D:5)
  4 humans (D:12)
  3 hogs (D:12)
  A steam dragon (D:9)
  2 vampire mosquitoes (D:10)
  3 acid dragons
  4 water moccasins
  4 orc warriors
  An ice beast (D:8)
  2 sky beasts
  2 black bears
  10 wolves (Lair:2)
  3 centaurs
  A phantom (D:6)
  3 kobold brigands
  Blork the orc (D:6)
  8 bullfrogs
  4 scorpions
  4 wights (D:9)
  2 howler monkeys (D:12)
  8 electric eels
  A hound (D:5)
  A jelly (D:6)
  A gnoll bouda (D:8)
  5 orc priests
  2 sleepcaps
  7 iguanas
  20 orc wizards
  A hound zombie (D:3)
  Robin (D:4)
  5 adders
  15 gnolls
  2 shadow imps
  2 white imps (D:7)
  3 adder skeletons (D:3)
  An adder zombie (D:3)
  2 dart slugs
  34 orcs
  2 bats
  6 endoplasms
  4 giant cockroaches
  11 goblins
  8 hobgoblins
  4 jackals (D:3)
  3 quokkas
  7 ball pythons
  A frilled lizard (D:1)
  21 kobolds
  8 rats
330 creatures vanquished.

Vanquished Creatures (collateral kills)
  A centaur warrior (D:14)
  A deep elf pyromancer (D:14)
  A centaur (D:14)
  A kobold brigand (D:10)
  A white imp (D:6)
  A kobold (D:10)
6 creatures vanquished.

Vanquished Creatures (others)
  2 centaur warriors
  An ogre (D:6)
  20 fungi
  22 plants
45 creatures vanquished.

Grand Total: 381 creatures vanquished

Notes
Turn   | Place    | Note
-------+----------+-------------------------------------------
     0 | D:1      | Ge0ff the Naga Fighter began the quest for the Orb.
     0 | D:1      | Reached XP level 1. HP: 21/21 MP: 1/1
   326 | D:1      | Reached XP level 2. HP: 21/28 MP: 2/2
   549 | D:1      | Reached skill level 3 in Short Blades
  1028 | D:2      | Reached XP level 3. HP: 29/34 MP: 3/3
  1091 | D:2      | Found a blossoming altar of Fedhas.
  1209 | D:2      | Reached skill level 4 in Short Blades
  1212 | D:2      | Reached XP level 4. HP: 16/42 MP: 4/4
  1691 | D:2      | Identified the +9 quarterstaff of Sin {pain, rC- Str+2
                  | SInv}
  1976 | D:3      | Reached skill level 5 in Short Blades
  1992 | D:3      | Reached XP level 5. HP: 49/49 MP: 5/5
  2119 | D:3      | Identified the +7 mace "Conservator" {speed, rElec Int+4}
  2192 | D:3      | Found a burning altar of Makhleb.
  2223 | D:3      | Found a faded altar of an unknown god.
  2711 | D:4      | Reached skill level 6 in Short Blades
  2711 | D:4      | Reached XP level 6. HP: 28/56 MP: 6/6
  3375 | D:4      | Noticed Sigmund
  3376 | D:4      | Sigmund changed into Sigmund the orc
  3376 | D:4      | Noticed Sigmund
  3378 | D:4      | Noticed Robin
  3383 | D:4      | Killed Sigmund the orc
  3410 | D:4      | Killed Robin
  3603 | D:5      | Entered Level 5 of the Dungeon
  3734 | D:5      | Reached skill level 7 in Short Blades
  3818 | D:5      | Reached skill level 1 in Stealth
  3822 | D:5      | Reached XP level 7. HP: 62/62 MP: 7/7
  4135 | D:5      | Noticed Eustachio
  4143 | D:5      | Killed Eustachio
  4144 | D:5      | Reached skill level 1 in Throwing
  4144 | D:5      | Reached skill level 1 in Dodging
  4144 | D:5      | Reached skill level 1 in Evocations
  4611 | D:5      | Reached XP level 8. HP: 69/69 MP: 8/8
  4923 | D:6      | Noticed Blork the orc
  4935 | D:6      | Killed Blork the orc
  5442 | D:6      | Found a radiant altar of Vehumet.
  5447 | D:6      | Found a basalt altar of Yredelemnul.
  5791 | D:6      | Reached skill level 8 in Short Blades
  5967 | D:6      | Reached skill level 5 in Fighting
  6099 | D:6      | Found a broken altar of Ashenzari.
  6227 | D:6      | Found a runed translucent door.
  6228 | D:6      | Noticed Crazy Yiuf
  6232 | D:6      | Crazy Yiuf changed into Crazy Yiuf the iguana
  6232 | D:6      | Noticed Crazy Yiuf
  6245 | D:6      | Killed Crazy Yiuf the iguana
  6743 | D:7      | Reached XP level 9. HP: 81/81 MP: 9/9
  6856 | D:7      | Found a staircase to the Ecumenical Temple.
  6868 | Temple   | Entered the Ecumenical Temple
  7058 | Temple   | Became a worshipper of Uskayaw the Reveller
  7260 | D:7      | Identified a scroll of acquirement
  7389 | D:7      | Reached * piety under Uskayaw
  7390 | D:7      | Reached ** piety under Uskayaw
  7485 | D:8      | Reached *** piety under Uskayaw
  7557 | D:8      | Reached skill level 9 in Short Blades
  7558 | D:8      | Reached **** piety under Uskayaw
  7654 | D:8      | Reached skill level 1 in Invocations
  7925 | D:8      | Noticed a brown ugly thing
  7938 | D:8      | Killed a brown ugly thing
  8111 | D:8      | Reached skill level 10 in Short Blades
  8171 | D:8      | Found a shimmering altar of Xom.
  8171 | D:8      | Noticed Touch's ghost (journeyman DjVM)
  8172 | D:8      | Found a runed translucent door.
  8172 | D:8      | Noticed a +0 short sword of chaos
  8743 | D:9      | Reached XP level 10. HP: 94/94 MP: 12/12
  9794 | D:10     | Entered Level 10 of the Dungeon
  9848 | D:10     | Found a portal to a secret trove of treasure.
 10216 | D:10     | Found a shadowy altar of Dithmenos.
 10216 | D:10     | Found a blossoming altar of Fedhas.
 10216 | D:10     | Found a white marble altar of Elyvilon.
 10917 | D:10     | Found an opulent altar of Gozag.
 10949 | D:10     | Reached skill level 11 in Short Blades
 11049 | D:10     | Reached skill level 5 in Invocations
 11062 | D:10     | Reached ***** piety under Uskayaw
 12893 | D:10     | Acquired the +6 rapier "Veud" {speed, rN+ Str+3}
 12974 | D:11     | Noticed a two-headed ogre
 12986 | D:11     | Killed a two-headed ogre
 12987 | D:11     | Reached skill level 12 in Short Blades
 13006 | D:11     | You fall into a shaft and drop 3 floors!
 13007 | D:14     | Noticed a centaur warrior
 13009 | D:14     | Noticed a deep elf pyromancer
 13013 | D:14     | Killed a deep elf pyromancer
 13021 | D:14     | Killed a centaur warrior
 13022 | D:14     | Reached skill level 13 in Short Blades
 13022 | D:14     | Reached XP level 11. HP: 54/100 MP: 14/14
 13362 | D:12     | Found a staircase to the Orcish Mines.
 13418 | D:12     | Noticed a manticore
 13428 | D:12     | Noticed a soul eater
 13440 | D:12     | Killed a manticore
 13522 | D:12     | Noticed Kirke
 13539 | D:12     | Killed Kirke
 13555 | D:12     | Reached ****** piety under Uskayaw
 13661 | D:12     | Found a blossoming altar of Fedhas.
 13857 | D:11     | Found a staircase to the Lair.
 13861 | D:11     | Noticed a cyclops
 13891 | D:11     | Killed a cyclops
 14143 | D:11     | Noticed a cyclops
 14160 | D:11     | Killed a cyclops
 14161 | D:11     | Reached skill level 14 in Short Blades
 14448 | D:11     | Noticed a cyclops
 14515 | D:11     | Killed a cyclops
 14546 | D:11     | Reached skill level 5 in Stealth
 14835 | D:8      | Killed a +0 short sword of chaos
 14852 | D:8      | Killed Touch's ghost
 14853 | D:8      | Reached XP level 12. HP: 76/110 MP: 6/17
 15843 | D:13     | Noticed a centaur warrior
 15853 | D:13     | Killed a centaur warrior
 16006 | D:13     | Noticed a tengu warrior
 16008 | D:13     | Noticed a catoblepas
 16008 | D:13     | Noticed a centaur warrior
 16015 | D:13     | Noticed a tengu warrior
 16015 | D:13     | Noticed a tengu warrior
 16068 | D:13     | Killed a tengu warrior
 16275 | D:12     | Killed a catoblepas
 16434 | D:13     | Killed a tengu warrior
 16600 | Lair:1   | Entered Level 1 of the Lair of Beasts
 16720 | Lair:1   | Noticed Nergalle
 16743 | Lair:1   | Killed Nergalle
 16971 | Lair:1   | Noticed Sonja
 16978 | Lair:1   | Sonja changed into Sonja the acid dragon
 16978 | Lair:1   | Noticed Sonja
 16985 | Lair:1   | Killed Sonja the acid dragon
 17127 | Lair:1   | Identified the ring "Nofun" {Contam *Slow rC+ Dex+6 Slay+3}
 17750 | Lair:2   | Noticed Harold
 17757 | Lair:2   | Killed Harold
 18032 | Lair:2   | Found a staircase to the Shoals.
 18053 | Lair:2   | Gained mutation: You can use your snake-like lower body to
                  | constrict enemies. [Naga growth]
 18053 | Lair:2   | Reached XP level 13. HP: 105/121 MP: 19/19
 18239 | Lair:2   | Reached skill level 5 in Armour
 18908 | Lair:2   | Found a staircase to the Shoals.
 19347 | Lair:3   | Reached skill level 10 in Fighting
 19384 | Lair:3   | Noticed Amaemon
 19398 | Lair:3   | Killed Amaemon
 19664 | Lair:3   | Reached skill level 5 in Evocations
 19679 | Lair:3   | Slain by a death yak

Illustrated notes

Levels and vault maps discovered:
D:1:      lightli_arrival_noodles, layout_basic
D:2:      layout_loops_ring, basic_altar
D:3:      layout_loops_ring, mainiacjoe_overflow_chevrons,
          hellmonk_ecumenical_altar_crossroads, serial_undead, serial_undead_c,
          serial_undead_a, serial_undead_f, serial_undead_f,
          hangedman_decor_slide_cut
D:4:      layout_cave_pods, uniq_robin, uniq_sigmund
D:5:      layout_basic, uniq_eustachio
D:6:      layout_cave_pools, evilmike_ruin_ashenzari,
          mainiacjoe_overflow_big_doors, uniq_crazy_yiuf_cottage,
          uniq_blork_the_orc
D:7:      layout_basic, minmay_temple_entry_offerings
D:8:      layout_basic, ebering_ghost_xom, nicolae_grassy_gnolls
D:9:      layout_loops_ring
D:10:     layout_basic, gammafunk_temple_overflow_forgotten,
          mainiacjoe_overflow_alcove_1, enter_trove_6, serial_bayou_crossing
D:11:     nicolae_cairo_tiling_large, layout_cave_pools, minmay_puff
D:12:     layout_irregular_city, orc_0_dummy, fedhas_altar_1, uniq_kirke
D:13:     hourglass_vault, layout_basic
D:14:     layout_loops_ring, david_vaults_3, serial_park_avenue1, uniq_rupert
Temple:   eino_temple_water
Lair:1:   layout_cave_pods, grunt_megastairs_5, uniq_sonja, uniq_nergalle
Lair:2:   layout_regular_city, elwin_shoals_entry_rocks,
          chequers_serial_rivers_large_b, uniq_harold
Lair:3:   layout_long_grid, dummy_snake_entry, uniq_amaemon

Skill      XL: |  1  2  3  4  5  6  7  8  9 10 11 12 13 |
---------------+----------------------------------------+-----
Short Blades   | 3 4 5 6 7 8 10 13 14 | 14.0
Stealth        | 1 3 7 8 9 |  9.5
Shields        | 3 4 |  4.8
Throwing       | 1 3 4 |  4.9
Dodging        | 1 2 3 4 |  4.0
Evocations     | 1 3 4 5 |  5.1
Armour         | 3 4 5 |  5.3
Fighting       | 5 7 8 9 10 | 10.3
Invocations    | 3 5 7 8 9 |  9.2

Action                     |  1- 3 |  4- 6 |  7- 9 | 10-12 | 13-15 || total
---------------------------+-------+-------+-------+-------+-------++-------
  Melee: Rapier            |    96 |   184 |   365 |   787 |   134 ||  1566
         Constrict         |       |       |       |       |    22 ||    22
  Throw: Dart              |       |       |     5 |     3 |       ||     8
         Throwing net      |       |       |     1 |     1 |       ||     2
 Invoke: Line Pass         |       |       |     3 |     9 |     2 ||    14
         Grand Finale      |       |       |       |     2 |     1 ||     3
Ability: Spit Poison       |    19 |    26 |    48 |    32 |     1 ||   126
  Evoke: Wand              |       |     1 |     6 |    15 |       ||    22
    Use: Scroll            |     4 |     7 |     8 |     9 |     1 ||    29
         Potion            |     1 |       |     5 |     5 |       ||    11
   Stab: Paralysed         |       |       |     5 |    38 |    11 ||    54
         Confused          |       |       |     1 |     5 |       ||     6
         Sleeping          |       |       |       |     2 |     1 ||     3
         Distracted        |       |       |       |     2 |       ||     2
 Armour: Scale mail        |    31 |    83 |   189 |   220 |    34 ||   557
         Skin              |       |       |       |    12 |       ||    12
  Dodge: Dodged            |    31 |    65 |   111 |   127 |    22 ||   356
  Block: Buckler           |     8 |       |       |    50 |    15 ||    73

Table legend: (Time is in decaauts)
 A = Elapsed time spent in this place.
 B = Non-inter-level travel time spent in this place.
 C = Inter-level travel time spent in this place.
 D = Time resting spent in this place.
 E = Time spent auto-exploring this place.
 F = Levels seen in this place.
 G = Mean time per level.
                   A        B        C        D        E       F      G
               +--------+--------+--------+--------+--------+-----+--------+
         Total |  23244 |  22319 |    925 |   1878 |  17192 |  18 | 1291.3 |
       Dungeon |  19214 |  18391 |    823 |   1878 |  13672 |  14 | 1372.4 |
        Temple |    285 |    249 |     36 |      0 |    232 |   1 |  285.0 |
          Lair |   3744 |   3679 |     65 |      0 |   3287 |   3 | 1248.0 |
               +--------+--------+--------+--------+--------+-----+--------+

Top non-repeatable levels by time:
    D:10: 3544 daAuts
  Lair:2: 2024 daAuts
     D:5: 1949 daAuts
    D:12: 1774 daAuts
     D:9: 1636 daAuts
  Lair:1: 1370 daAuts
     D:8: 1366 daAuts
     D:6: 1363 daAuts
     D:1: 1328 daAuts
     D:4: 1269 daAuts
    D:11: 1172 daAuts
     D:2: 1045 daAuts
     D:7: 994 daAuts
     D:3: 951 daAuts
    D:13: 564 daAuts
